 Dungeon Crawl Stone Soup version 0.31.0-9-g3a7656b989 (webtiles) character file.

Game seed: 15293620374671137766

21334 Killerpretzel the Nimble (level 12, -12/51 HPs)
             Began as a Felid Air Elementalist on Feb 3, 2024.
             Was an Initiate of Gozag.
             Mangled by a skeletal warrior
             ... wielding a +2 scimitar
              (14 damage)
             ... on level 15 of the Dungeon.
             The game lasted 01:25:02 (23197 turns).

Killerpretzel the Nimble (Felid Air Elementalist)  Turns: 23197, Time: 01:25:03

Health: -12/51     AC:  7    Str:  4    XL:     12   Next: 53%
Magic:  1/25       EV: 25    Int: 27    God:    Gozag
Gold:   1326       SH:  0    Dex: 16    Spells: 17/28 levels left
                                        Lives:  0   Deaths: 4

rFire   . . .        (weapon unavailable)
rCold   + + .        (shield unavailable)
rNeg    . . .        (body armour unavailable)
rPois   .            (helmet unavailable)
rElec   .            (cloak unavailable)
rCorr   +            (gloves unavailable)
SInv    +            (boots unavailable)
Will    +....        y - amulet of magic regeneration
Stlth   ++           d - +4 ring of protection
HPRegen 0.28/turn    k - ring of Xom's Capriciousness {+Blink rC+ rCorr Int+2}
MPRegen 0.59/turn

%: no passive effects
@: gold aura
A: very small, claws 1, fangs 3, see invisible, shaggy fur 3, stealthy paws, no
weapons or thrown items, no armour, multi-lived
a: Renounce Religion, Evoke Blink, Potion Petition, Call Merchant, Bribe Branch


You were on level 15 of the Dungeon.
You worshipped Gozag.
Gozag was most pleased with you.
You visited 3 branches of the dungeon, and saw 18 of its levels.

You collected 2634 gold pieces.
You spent 768 gold pieces at shops.
You paid 540 gold pieces to Gozag.

Inventory:

Jewellery
 d - a +4 ring of protection (left paw)
 h - an amulet of guardian spirit
 k - the ring of Xom's Capriciousness (right paw) {+Blink rC+ rCorr Int+2}
   (You bought it in a shop on level 8 of the Dungeon)

   [ring of resist corrosion]

   Int+2:     It affects your intelligence (+2).
   rC+:       It protects you from cold.
   +Blink:    It lets you blink.
   rCorr:     It protects you from acid and corrosion.
 m - a ring of willpower
 r - a ring of flight
 s - a ring of resist corrosion
 y - an amulet of magic regeneration (around neck)
Talismans
 q - a maw talisman
Wands
 a - a wand of flame (10)
 l - a wand of paralysis (15)
 p - a wand of mindburst (4)
 u - a wand of quicksilver (10)
 w - a wand of iceblast (5)
Scrolls
 b - 2 scrolls of immolation
 c - a scroll of blinking {unknown}
 e - 2 scrolls of poison
 i - 2 scrolls of amnesia
 o - 3 scrolls of teleportation
 v - a scroll of fear {unknown}
 z - a scroll of silence {unknown}
 A - a scroll of identify
 C - a scroll of revelation {unknown}
 E - a scroll of fog
Potions
 f - 2 potions of mutation
 g - a potion of cancellation
 j - 2 potions of haste {unknown}
 n - 3 potions of brilliance
 t - 2 potions of resistance
 x - a potion of might {unknown}
 B - a potion of ambrosia {unknown}
 D - a potion of enlightenment {unknown}


   Skills:
 + Level 12.0 Dodging
 - Level 2.7 Stealth
 + Level 8.6 Spellcasting
 + Level 8.2 Conjurations
 * Level 12.0 Air Magic
 + Level 5.6 Shapeshifting


You had 17 spell levels left.
You knew the following spells:

 Your Spells              Type           Power      Damage    Failure   Level
a - Shock                 Conj/Air       100%       1d9       1%          1
b - Static Discharge      Conj/Air       100%       3-8/arc   1%          2
c - Airstrike             Air            33%        2d(5-21)  1%          4
d - Summon Lightning Spi  Summ/Air       44%        N/A       4%          4

Your spell library contained the following spells:

 Spells                   Type           Power      Damage    Failure   Level
 Sting                    Conj/Alch      100%       1d9       1%          1
 Cigotuvi's Dreadful Rot  Necr/Alch/Air  66%        N/A       1%          2
 Swiftness                Air            67%        N/A       1%          3
 Apportation              Tloc           22%        N/A       4%          1
 Necrotise                Necr           44%        1d6       4%          1
 Summon Small Mammal      Summ           44%        N/A       4%          1
 Sublimation of Blood     Necr           11%        N/A       8%          2
 Freezing Cloud           Conj/Ice/Air   24%        6-21      9%          5
 Conjure Ball Lightning   Conj/Air       30%        3x3d10    12%         6
 Call Canine Familiar     Summ           11%        N/A       16%         3
 Irradiate                Conj/Alch      16%        3d17      26%         5
 Ignite Poison            Fire/Alch      11%        N/A       45%         4
 Petrify                  Alch/Erth      11%        N/A       45%         4
 Summon Blazeheart Golem  Fire/Summ      11%        N/A       45%         4
 Discord                  Hex            5%         N/A       100%        8
 Disjunction              Tloc           5%         N/A       100%        8


Dungeon Overview and Level Annotations

Branches:
Dungeon (15/15)            Temple (1/1) D:5            Lair (0/5) D:10
    Orc (2/2) D:9             Elf (0/3) Orc:2
 Vaults: D:13-14     Depths: D:15

Altars:
Ashenzari
Cheibriados
Dithmenos
Elyvilon
Fedhas
Gozag
Hepliaklqana
Kikubaaqudgha
Makhleb
Nemelex Xobeh
Okawaru
Ru
Sif Muna
Trog
Uskayaw
Vehumet
Wu Jian
Xom
Yredelemnul
Zin
The Shining One

Shops:
D:8 =   D:14 *

Annotations:
D:5 exclusion: downstairs
D:6 Duvessa, Menkaure
D:7 2 exclusions
D:8 Maurice
D:9 exclusions: downstairs and upstairs
D:10 exclusions: death yak and 25 more exclusions
D:11 exclusion: downstairs
D:12 Erolcha
D:13 exclusions: door and vampire mosquito
D:14 2 transporters, Imiv's ghost, journeyman VSFi; Qymaymp's ghost, adept GrEE
D:15 exclusions: fire dragon and 2 skeletal warriors


Innate Abilities, Weirdness & Mutations

You have sharp claws.
You have razor-sharp teeth.
You have supernaturally acute eyesight. (SInv)
Your thick and shaggy fur keeps you warm. (AC +3, rC+)
Your paws help you pounce on unaware monsters.
You are incapable of wielding weapons or throwing items.
You cannot wear armour.
You gain extra lives every three experience levels.


Message History

The air twists around and strikes the skeletal warrior!
You destroy the skeletal warrior!
Casting: Airstrike (safe; 1% risk of failure)
Confirm with . or Enter, or press ? or * to list all spells.
Aiming: Airstrike (safe; 1% risk of failure)
Press: ? - help, Dir - move target, f - skeletal warrior
Aim: a skeletal warrior, wielding a +2 scimitar (empty space bonus: 7/8)
The air twists around and strikes the skeletal warrior.
The skeletal warrior is lightly damaged.
The skeletal warrior is distracted by your dazzling golden aura.
Casting: Airstrike (safe; 1% risk of failure)
Confirm with . or Enter, or press ? or * to list all spells.
Aiming: Airstrike (safe; 1% risk of failure)
Press: ? - help, Dir - move target, f/p - skeletal warrior
Aim: a skeletal warrior, wielding a +2 scimitar (lightly damaged, unaware, hasn't noticed you, empty space bonus: 7/8)
The air twists around and strikes the skeletal warrior!!
The skeletal warrior is no longer distracted by gold.
The skeletal warrior is moderately damaged.
The skeletal warrior hits you with a +2 scimitar!!
Ouch! That really hurt!
Casting: Airstrike (safe; 1% risk of failure)
Confirm with . or Enter, or press ? or * to list all spells.
Aiming: Airstrike (safe; 1% risk of failure)
Press: ? - help, Dir - move target, f/p - skeletal warrior
Aim: a skeletal warrior, wielding a +2 scimitar (moderately damaged, empty space bonus: 7/8)
The air twists around and strikes the skeletal warrior.
The skeletal warrior is heavily damaged.
The skeletal warrior hits you with a +2 scimitar!!
* * * LOW HITPOINT WARNING * * *
Okay, then.
Casting: Airstrike (safe; 1% risk of failure)
Confirm with . or Enter, or press ? or * to list all spells.
Aiming: Shock (safe; 1% risk of failure)
Press: ? - help, Shift-Dir - straight line, f/p - skeletal warrior
Aim: a skeletal warrior, wielding a +2 scimitar (heavily damaged, 74% to hit)
The zap hits the skeletal warrior.
The skeletal warrior is heavily damaged.
The skeletal warrior hits you with a +2 scimitar!
You die...
Your body crumbles into a pile of gold.

................
##.................
##...#..............
##...##..............
#...........#........
##....#...###........
###.....#....#.........
#..............@z$.....
#..........##.........
#####....#.####.......
###..### ....... ..#.
#.## .##..## ... ### ##
.## ... . .. # #. #.


You could see a skeletal warrior.

Vanquished Creatures
  Snorg (D:10)
  3 centaur warriors (D:13)
  5 two-headed ogres
  A tengu warrior (D:14)
  A death yak (D:10)
  A skeletal warrior (D:15)
  Pikel (D:6)
  A deep elf pyromancer (D:14)
  4 manticores
  A cyclops (D:14)
  A spectral centaur (D:11)
  2 centaur zombies (D:11)
  Joseph (D:7)
  3 gargoyles
  A kobold demonologist (D:7)
  An unseen horror (D:12)
  Psyche (D:10)
  A troll (shapeshifter) (D:14)
  Grinder (D:5)
  A troll (Orc:1)
  2 hornets (D:11)
  Prince Ribbit (D:7)
  A hornet (shapeshifter) (D:13)
  A raiju (shapeshifter) (D:14)
  A shadow (D:11)
  A centaur simulacrum (D:14)
  A wyvern (D:9)
  2 vampires
  4 vampire mosquitoes (D:12)
  A wraith (D:10)
  An acid dragon (D:13)
  2 water moccasins
  2 sky beasts
  8 orc warriors
  2 ice beasts (D:6)
  2 laughing skulls (D:14)
  A black bear (D:5)
  An ogre (Orc:1)
  7 centaurs
  A phantom (D:6)
  3 kobold brigands
  2 bullfrogs
  4 gnoll sergeants
  2 scorpions
  3 wights (D:7)
  Dowan (D:6)
  8 killer bees
  A jelly (D:6)
  6 howler monkeys
  4 bombardier beetles
  5 hounds
  14 orc priests
  3 gnoll boudas
  A boggart zombie (D:11)
  A sleepcap (D:6)
  2 iguanas (D:5)
  12 orc wizards
  8 adders
  31 gnolls
  2 shadow imps (D:7)
  16 white imps
  3 ribbon worms
  A dart slug (D:1)
  50 orcs
  3 bats
  6 endoplasms
  A giant cockroach (D:1)
  4 goblins
  6 hobgoblins
  2 jackals (D:3)
  A quokka (D:2)
  3 ball pythons
  6 frilled lizards
  15 kobolds
  7 rats
311 creatures vanquished.

Notes
Turn   | Place    | Note
-------+----------+-------------------------------------------
     0 | D:1      | Killerpretzel the Felid Air Elementalist began the quest
                  | for the Orb.
     0 | D:1      | Reached XP level 1. HP: 9/9 MP: 4/4
    55 | D:1      | Reached skill level 1 in Conjurations
   319 | D:1      | Reached XP level 2. HP: 10/13 MP: 0/6
   322 | D:1      | Learned a level 2 spell: Static Discharge
   974 | D:1      | Found a faded altar of an unknown god.
  1173 | D:2      | Reached XP level 3. HP: 16/16 MP: 4/7
  2403 | D:3      | Noticed a scorpion
  3100 | D:4      | Noticed a scorpion
  3111 | D:4      | Found a glowing golden altar of the Shining One.
  3255 | D:4      | Identified the +2 helmet of Anaesthesia {rPois}
  3333 | D:4      | Reached XP level 4. HP: 21/21 MP: 1/8
  3333 | D:4      | Gained a life (2 lives remaining)
  3338 | D:4      | Learned a level 4 spell: Airstrike
  4172 | D:4      | Reached XP level 5. HP: 24/24 MP: 5/10
  4270 | D:5      | Entered Level 5 of the Dungeon
  4270 | D:5      | Noticed Grinder
  4747 | D:5      | Noticed a centaur
  4825 | D:5      | Killed a centaur
  4826 | D:5      | Gained mutation: You are covered in thick fur. (AC +2)
                  | [Felid growth]
  4826 | D:5      | Reached XP level 6. HP: 28/28 MP: 2/11
  5297 | D:5      | Killed Grinder
  5298 | D:5      | Reached skill level 5 in Dodging
  5298 | D:5      | Reached skill level 5 in Air Magic
  5298 | D:5      | Reached XP level 7. HP: 31/32 MP: 0/13
  5409 | D:5      | Found a staircase to the Ecumenical Temple.
  5421 | Temple   | Entered the Ecumenical Temple
  5430 | Temple   | Became a worshipper of Gozag Ym Sagoz the Greedy
  6806 | D:6      | Reached XP level 8. HP: 26/36 MP: 3/15
  6806 | D:6      | Noticed Menkaure
  7401 | D:6      | Noticed Pikel
  7549 | D:6      | Killed Pikel
  7829 | D:6      | Noticed Dowan
  7830 | D:6      | Noticed Duvessa
  7831 | D:6      | Reached skill level 5 in Spellcasting
  7832 | D:6      | Killed Dowan
  8064 | D:6      | Mangled by Duvessa
  8064 | D:6      | Lost a life (1 life remaining)
  8193 | D:6      | Reached XP level 9. HP: 39/39 MP: 5/17
  8193 | D:6      | Gained a life (2 lives remaining)
  9030 | D:6      | Reached skill level 5 in Conjurations
  9574 | D:6      | Slain by Duvessa
  9574 | D:6      | Lost a life (1 life remaining)
 10066 | D:7      | Noticed Prince Ribbit
 10072 | D:7      | Killed Prince Ribbit
 10288 | D:7      | Found a sacrificial altar of Ru.
 10609 | D:7      | Noticed Joseph
 10901 | D:7      | Reached skill level 1 in Shapeshifting
 10957 | D:7      | Killed Joseph
 11346 | D:7      | Noticed a kobold demonologist
 11350 | D:7      | Killed a kobold demonologist
 11397 | D:7      | Noticed a kobold demonologist
 11427 | D:7      | Noticed a smoke demon
 11444 | D:7      | Noticed a rust devil
 11672 | D:7      | Reached XP level 10. HP: 44/44 MP: 1/20
 11672 | D:7      | Gained a life (2 lives remaining)
 11907 | D:8      | Noticed a rust devil
 11911 | D:8      | Noticed a rust devil
 12064 | D:8      | Noticed a two-headed ogre
 12069 | D:8      | Killed a two-headed ogre
 12220 | D:8      | Noticed Maurice
 12762 | D:8      | Noticed a two-headed ogre
 12770 | D:8      | Killed a two-headed ogre
 13075 | D:8      | Found a hazy altar of Hepliaklqana.
 13712 | D:9      | Noticed a cyan ugly thing
 13979 | D:9      | Noticed a two-headed ogre
 13983 | D:9      | Killed a two-headed ogre
 15058 | D:9      | Noticed a two-headed ogre
 15304 | D:9      | Reached skill level 10 in Dodging
 15316 | D:9      | Found a staircase to the Orcish Mines.
 15325 | Orc:1    | Entered Level 1 of the Orcish Mines
 15328 | Orc:2    | Entered Level 2 of the Orcish Mines
 15328 | Orc:2    | Found a staircase to the Elven Halls.
 15349 | Orc:1    | Mangled by an orc warrior
 15349 | Orc:1    | Lost a life (1 life remaining)
 15364 | Orc:1    | Reached skill level 10 in Air Magic
 15492 | Orc:1    | Reached XP level 11. HP: 47/47 MP: 6/22
 16203 | D:9      | Killed a two-headed ogre
 16577 | D:9      | Found a shimmering altar of Xom.
 17327 | D:8      | Bought the ring of Xom's Capriciousness {+Blink rC+ rCorr
                  | Int+2} for 768 gold pieces
 17488 | D:10     | Entered Level 10 of the Dungeon
 17498 | D:10     | Noticed a death yak
 17498 | D:10     | Noticed a death yak
 17498 | D:10     | Found a staircase to the Lair.
 17499 | D:10     | Noticed a death yak
 17627 | D:10     | Noticed Psyche
 17638 | D:10     | Killed Psyche
 17713 | D:10     | Noticed a two-headed ogre
 17717 | D:10     | Killed a two-headed ogre
 18642 | D:10     | Noticed a death yak
 18740 | D:10     | Killed a death yak
 20127 | D:10     | Noticed a death yak
 20296 | D:10     | Noticed Snorg
 20314 | D:10     | Killed Snorg
 21486 | D:12     | Noticed Erolcha
 21594 | D:12     | Noticed a deep elf pyromancer
 21901 | D:12     | Gained mutation: Your thick and shaggy fur keeps you warm.
                  | (AC +3, rC+) [Felid growth]
 21901 | D:12     | Reached XP level 12. HP: 51/51 MP: 3/25
 21921 | D:12     | You fall into a shaft and drop 3 floors!
 21921 | D:15     | Entered Level 15 of the Dungeon
 22068 | D:15     | Noticed a fire dragon
 22128 | D:15     | Noticed a fire dragon
 22130 | D:15     | Killed from afar by a fire dragon
 22130 | D:15     | Lost a life (0 lives remaining)
 22134 | D:14     | Noticed a tengu warrior
 22264 | D:14     | Found Pewke's General Store.
 22275 | D:14     | Noticed a fire dragon
 22275 | D:14     | Noticed a five-headed hydra
 22281 | D:14     | Found a transporter.
 22282 | D:14     | Noticed Qymaymp's ghost (adept GrEE)
 22305 | D:14     | Noticed an ettin
 22307 | D:14     | Reached skill level 5 in Shapeshifting
 22318 | D:14     | Noticed Imiv's ghost (journeyman VSFi)
 22320 | D:14     | Noticed an ogre mage
 22350 | D:14     | Killed a tengu warrior
 22376 | D:14     | Found a transporter.
 22498 | D:13     | Learned a level 4 spell: Summon Lightning Spire
 22511 | D:13     | Noticed a centaur warrior
 22523 | D:13     | Killed a centaur warrior
 22628 | D:13     | Noticed a centaur warrior
 22647 | D:13     | Killed a centaur warrior
 22798 | D:14     | Noticed a tengu warrior
 22830 | D:14     | Noticed a centaur warrior
 23043 | D:13     | Noticed a centaur warrior
 23047 | D:13     | Killed a centaur warrior
 23174 | D:13     | You fall into a shaft and drop 2 floors!
 23187 | D:14     | Noticed a tengu warrior
 23196 | D:15     | HP: 2/51 [skeletal warrior/+2 scimitar (21)]
 23197 | D:15     | Mangled by a skeletal warrior

Illustrated notes

Levels and vault maps discovered:
D:1:      dpeg_arrival_water_temple_mockup, layout_basic,
          ebering_ecumenical_altar_mist, chequers_mini_garden,
          minmay_misc_feat_columns
D:2:      layout_basic, amcnicky_mini_corridor_feature, grunt_decor_cap,
          minmay_quantized
D:3:      layout_basic
D:4:      layout_basic, lemuel_tele_altar
D:5:      layout_loops_ring, minmay_temple_entry_ruins, uniq_grinder
D:6:      minmay_evil_eye, layout_loops_corners, uniq_menkaure, uniq_duvessa,
          uniq_pikel
D:7:      layout_basic, nicolae_overflow_crystal_walls,
          serial_library_regret_index_headful, uniq_prince_ribbit1, uniq_joseph
D:8:      cheibrodos_iron_armory, layout_loops_ring,
          mainiacjoe_overflow_alcove_4, nicolae_overflow_hidden_temple,
          uniq_maurice
D:9:      layout_roguey, general_overflow_altar, david_orc_4,
          lightli_corner_chamber
D:10:     layout_basic, dpeg_lair_monsters, dk_vineyard_3,
          kennysheep_generic_room_11, uniq_psyche, uniq_snorg
D:11:     layout_stronghold, hangedman_weighted_door, kennysheep_donut,
          minivault_22, minmay_gold_behind_fungi
D:12:     layout_basic, uniq_erolcha
D:13:     layout_roguey, david_vaults_4
D:14:     layout_cave_pools, minmay_misc_feat_ornament, serial_shops, shop,
          nzn_ghost_randoct, st_stairs_2
D:15:     grunt_enter_depths_hoard, layout_cave_pools, nrook_mini_vaults
Temple:   sentei_temple_godly_chess
Orc:1:    nicolae_orc_accident_2, layout_caves, portal_ice_cave_entry_imps
Orc:2:    st_orc_pillars, layout_caves, lightli_volcano_entry_magma_tube

Skill      XL: |  1  2  3  4  5  6  7  8  9 10 11 12 |
---------------+-------------------------------------+-----
Conjurations   | 1 2 3 4 5 6 7 8 |  8.2
Dodging        | 3 4 5 6 7 8 10 11 12 | 12.0
Air Magic      | 3 4 5 6 7 8 10 11 12 | 12.0
Spellcasting   | 3 4 5 6 7 8 |  8.6
Shapeshifting  | 1 3 4 5 |  5.6
Stealth        | |  2.7

Action                     |  1- 3 |  4- 6 |  7- 9 | 10-12 || total
---------------------------+-------+-------+-------+-------++-------
  Melee: Unarmed           |    27 |       |     2 |    38 ||    67
         Bite              |     2 |       |       |     2 ||     4
         Punch             |       |       |       |     1 ||     1
   Cast: Shock             |   111 |    38 |    84 |    67 ||   300
         Static Discharge  |     9 |    20 |    52 |    75 ||   156
         Airstrike         |       |    11 |   100 |   244 ||   355
         Summon Lightning  |       |       |       |     2 ||     2
 Invoke: Call Merchant     |       |       |       |     1 ||     1
Ability: Evoke Blink       |       |       |       |     1 ||     1
  Evoke: Wand              |       |       |     1 |    10 ||    11
    Use: Scroll            |     6 |     1 |    11 |    10 ||    28
         Potion            |       |     1 |     3 |     8 ||    12
 Armour: Skin              |    18 |    48 |    99 |   211 ||   376
  Dodge: Dodged            |    30 |    65 |    75 |   315 ||   485
